 Dungeon Crawl Stone Soup version 0.27-a0-1312-g5cdb2b3542 (webtiles) character file.

Game seed: 3743740907210738023

305 Sobieck the Ducker (level 6, -2/48 HPs)
             Began as a Spriggan Berserker on June 20, 2021.
             Was a Priest of Trog.
             Engulfed by a steam dragon's steam (7 damage)
             ... on level 3 of the Dungeon.
             The game lasted 00:07:27 (3947 turns).

Sobieck the Ducker (Spriggan Berserker)             Turns: 3947, Time: 00:07:28

Health: -2/48      AC:  2    Str: 15    XL:     6   Next: 15%
Magic:  7/7        EV: 19    Int: 15    God:    Trog [***...]
Gold:   127        SH:  0    Dex: 14    Spells: 5/5 levels left

rFire    . . .     SeeInvis +   a - +1 falchion (freeze) {long}
rCold    . . .     Faith    .   (shield restricted)
rNeg     . . .     Spirit   .   p - +0 animal skin
rPois    .         Reflect  .   (helmet restricted)
rElec    .         Harm     .   (no cloak)
rCorr    +         Rampage  .   (gloves unavailable)
Will     +....                  (boots unavailable)
Stlth    ..........             (no amulet)
HPRegen  0.16/turn              d - ring of resist corrosion
MPRegen  0.10/turn              q - +6 ring of intelligence

@: berserking, very quick
A: very small, no large weapons, unfitting armour, see invisible, speed 3
a: Renounce Religion, Berserk, Trog's Hand


You were on level 3 of the Dungeon.
You worshipped Trog.
Trog was most pleased with you.
You visited 1 branch of the dungeon, and saw 4 of its levels.

You collected 127 gold pieces.


Innate Abilities, Weirdness & Mutations

You are very small and have problems with some larger weapons.
You are too small for most types of armour.
You have supernaturally acute eyesight. (SInv)
You cover ground extremely quickly. (Speed+++)


   Skills:
 + Level 3.5 Fighting
 + Level 3.5 Long Blades
 + Level 5.7 Dodging
 + Level 4.6 Stealth


You had 5 spell levels left.
You didn't know any spells.
Your spell library was empty.

Inventory:

Hand Weapons
 a - a +1 falchion of freezing (weapon) {long}
 b - a +0 hunting sling {sling}
   (You found it on level 3 of the Dungeon)
 h - a +0 dagger {short}
   (You took it off a goblin on level 2 of the Dungeon)
Missiles
 c - 43 bolts
 g - 47 stones (quivered) {throwing}
 i - 9 poisoned darts {throwing}
Armour
 p - a +0 animal skin (worn)
Jewellery
 d - a ring of resist corrosion (left hand)
   (You found it on level 1 of the Dungeon)
 q - a +6 ring of intelligence (right hand)
   (You found it on level 3 of the Dungeon)
Wands
 n - a wand of flame (29)
   (You found it on level 4 of the Dungeon)
Scrolls
 f - 3 scrolls of teleportation {@r4}
 j - a scroll of fog {unknown}
 k - a scroll of acquirement {unknown}
 r - a scroll of magic mapping {unknown}
Potions
 e - a potion of curing {@q1}
 l - a potion of might
 m - a potion of attraction {unknown}
 o - a potion of ambrosia {unknown}

Dungeon Overview and Level Annotations

Branches:
Dungeon (4/15)             Temple (0/1) D:4

Altars:

#.....).......#####....###.#
##.....<...##+#?($#+##...#.#
##....).### #...# ###...#
##..[)##.# #(..# #†##..#
##').')[# #...# #.)'..#
#.#.##.# #...# #.##..#
#.#..### #§..# ###...#
##.##...####.D§####...#.###
##..........##@##..........#
#.....#......§§...##.###.#.#
####...###############.#
#.#.# >.....## #.# #.#.####
####### #.# #....... #.#
###.#### #.#####.# #.......#
#########


You could see a steam dragon (catching breath).


Message History

A ball python comes into view.
You shoot a stone {throwing}.
The stone {throwing} hits the ball python!
You kill the ball python!
Trog accepts your kill.
A goblin comes into view. It is wielding a +0 club.
There is an open door here.
You shoot a stone {throwing}. The stone {throwing} hits the goblin.
The goblin shouts!
Your +1 falchion of freezing {long} glows with a cold blue light!
a - a +1 falchion of freezing (weapon)
{long} The goblin hits you with a +0 club. 😕 HP[-1]
You take 1 damage, and now have 31/32 hp.
You barely miss the goblin. The goblin misses you.
You riposte.
You closely miss the goblin. You hit the goblin. You freeze the goblin.
You kill the goblin!
Trog accepts your kill.
No target in view!
Your +1 falchion of freezing {long} stops glowing.
b - a +0 hunting sling (weapon)
{sling} You see here a +0 club {mace}.
You now have 127 gold pieces (gained 14).
g - 49 stones {throwing} (gained 1)
You see here a ball python corpse. 😎 HP[+1]
Your hp is fully restored (32).
g - 50 stones {throwing} (gained 1)
You see here a +0 club {mace}.
There is an open door here.
You open the door. 2 ball pythons and an ufetubus come into view.
The ufetubus shouts!
The ball python hisses angrily.
A bat comes into view.
A steam dragon comes into view.
The ball python moves out of view.
The steam dragon moves out of view.
You shoot a stone {throwing}.
The stone {throwing} closely misses the ball python.
The ball python hisses angrily.
You shoot a stone {throwing}. The stone {throwing} hits the bat.
You kill the bat!
Trog accepts your kill.
You shoot a stone {throwing}.
The stone {throwing} misses the ufetubus.
The ball python bites you.
The ball python completely misses you. 😕 HP[-1]
You take 1 damage, and now have 31/32 hp.
Your +1 falchion of freezing {long} glows with a cold blue light!
a - a +1 falchion of freezing (weapon)
{long} A red film seems to cover your vision as you go berserk!
You feel yourself moving faster!
You feel mighty! The ball python misses you.
You riposte.
You closely miss the ball python. The ball python grabs you.
The ball python constricts you. The ufetubus barely misses you.
You riposte.
You closely miss the ufetubus. The ufetubus misses you. 😎 HP[+17]
You now have 48 max hp (+16).
Your hp is fully restored (48).
You slash the ball python! You freeze the ball python.
You kill the ball python!
Trog accepts your kill. The ufetubus barely misses you.
You riposte.
You slash the ufetubus! You freeze the ufetubus.
You kill the ufetubus!
Trog accepts your kill. The steam dragon breathes steam at you.
The ball of steam hits you!! The ball python closely misses you.
The ball python barely misses you.
There is an open door here. 😮 HP[-18]
You take 18 damage, and now have 30/48 hp.
MASSIVE DAMAGE!! (PAUSE)
You slash the steam dragon! You freeze the steam dragon.
You are engulfed in a cloud of scalding steam.
* * * LOW HITPOINT WARNING * * *
The steam dragon completely misses you. The steam dragon barely misses you.
The ball python completely misses you.
The ball python closely misses you. 😨 HP[-9]
You take 9 damage, and now have 21/48 hp.
You hit the steam dragon. You freeze the steam dragon.
You are engulfed in a cloud of scalding steam.
* * * LOW HITPOINT WARNING * * *
😨 HP[-7]
You take 7 damage, and now have 14/48 hp.
You hit the steam dragon. You freeze the steam dragon.
The ball python is engulfed in a cloud of scalding steam.
The ball python dies!
The steam dragon breathes steam at you. The ball of steam misses you.
Unknown command.
You hit the steam dragon. You freeze the steam dragon.
You are engulfed in a cloud of scalding steam.
* * * LOW HITPOINT WARNING * * *
The steam dragon bites you but does no damage.
The steam dragon claws you.
* * * LOW HITPOINT WARNING * * *
😱 HP[-9]
You take 9 damage, and now have 5/48 hp.
You barely miss the steam dragon.
You are engulfed in a cloud of scalding steam.
You die...

Skill      XL: |  1  2  3  4  5 |
---------------+----------------+-----
Stealth        | 1 2 3 4 |  4.6
Long Blades    | 3 |  3.5
Fighting       | 3 |  3.5
Dodging        | 5 |  5.7

Action                   |  1- 3 |  4- 6 || total
-------------------------+-------+-------++-------
Melee: Falchion          |    79 |    84 ||   163
 Fire: Hunting sling     |       |    11 ||    11
Throw: Stone             |    17 |     6 ||    23
Invok: Berserk           |     4 |    10 ||    14
  Use: Scroll            |     6 |     1 ||     7
 Stab: Sleeping          |     4 |     2 ||     6
Armor: Animal skin       |     4 |     3 ||     7
Dodge: Dodged            |    74 |    68 ||   142
       Rpst.: Falchion   |    26 |    15 ||    41

Levels and vault maps discovered:
D:1:      mrwooster_arrival_statue_2, layout_basic,
          ebering_dispersal_statue_hall, minmay_heptomino_w4
D:2:      layout_basic, minmay_ruptured
D:3:      layout_loops_corners, hellmonk_ecumenical_altar_watching_god,
          minmay_divided_ellipse, uniq_natasha, uniq_terence, uniq_ijyb
D:4:      layout_gridville, kennysheep_little_box, slow_altar_2,
          minmay_temple_entry_large_hall

Notes
Turn   | Place    | Note
-------+----------+-------------------------------------------
     0 | D:1      | Sobieck the Spriggan Berserker began the quest for the Orb.
     0 | D:1      | Reached XP level 1. HP: 11/11 MP: 2/2
     0 | D:1      | magus.rc [v1.9.6]
    91 | D:1      | Reached skill level 1 in Stealth
    97 | D:1      | Reached XP level 2. HP: 13/16 MP: 3/3
   911 | D:1      | Reached ** piety under Trog
  1271 | D:2      | Reached skill level 2 in Stealth
  1271 | D:2      | Reached XP level 3. HP: 17/19 MP: 4/4
  1793 | D:2      | Reached XP level 4. HP: 23/23 MP: 5/5
  1795 | D:2      | Reached skill level 3 in Long Blades
  2146 | D:3      | Reached skill level 3 in Fighting
  2146 | D:3      | Reached skill level 3 in Stealth
  2410 | D:3      | Noticed Natasha
  2419 | D:3      | Killed Natasha
  2420 | D:3      | Reached skill level 5 in Dodging
  2700 | D:3      | Noticed Terence
  2811 | D:3      | Killed Terence
  2812 | D:3      | Reached XP level 5. HP: 28/28 MP: 6/6
  2868 | D:4      | Found a staircase to the Ecumenical Temple.
  3056 | D:4      | Reached skill level 4 in Stealth
  3365 | D:3      | Noticed Natasha
  3373 | D:3      | Killed Natasha
  3509 | D:3      | Found a faded altar of an unknown god.
  3509 | D:3      | Noticed a shining eye
  3513 | D:3      | Noticed a floating eye
  3519 | D:3      | Noticed an eye of devastation
  3519 | D:3      | Noticed a golden eye
  3566 | D:3      | Reached XP level 6. HP: 27/32 MP: 7/7
  3696 | D:3      | Noticed Ijyb
  3727 | D:3      | Killed Ijyb
  3727 | D:3      | Reached *** piety under Trog
  3935 | D:3      | Noticed a steam dragon
  3946 | D:3      | HP: 7/48 [steam dragon] (7)]
  3947 | D:3      | Engulfed by a steam dragon's steam

Vanquished Creatures
  A hound (D:4)
  An iguana (D:4)
  Ijyb (D:3)
  Natasha (twice) (D:3)
  An orc wizard (D:3)
  Terence (D:3)
  3 gnolls (D:2)
  An adder (D:2)
  An ufetubus (D:3)
  A dart slug (D:2)
  8 orcs (D:3)
  5 endoplasms
  3 giant cockroaches
  5 goblins
  6 hobgoblins
  5 jackals
  5 kobolds
  4 quokkas
  7 ball pythons
  7 bats
  4 frilled lizards
  6 rats
78 creatures vanquished.

Vanquished Creatures (others)
  A ball python (D:3)
1 creature vanquished.

Grand Total: 79 creatures vanquished

Table legend:
 A = Non-vault XP
 B = Vault XP
 C = Vault XP percentage of total XP
 D = Non-vault monster count
 E = Vault monster count
 F = Vault count percentage of total count
                 A         B        C        D         E       F
            +---------+---------+-------+---------+---------+-------
      Total |     289 |     147 |  33.7 |      60 |      18 |  23.1
            +---------+---------+-------+---------+---------+-------
        D:1 |      17 |      10 |  37.0 |      13 |       6 |  31.6
        D:2 |      73 |      15 |  17.0 |      19 |       2 |   9.5
        D:3 |     114 |     122 |  51.7 |      23 |      10 |  30.3
        D:4 |      85 |       0 |   0.0 |       5 |       0 |   0.0
            +---------+---------+-------+---------+---------+-------

Illustrated notes

Table legend:
 A = Kills in this place as a percentage of kills in entire the game.
 B = Kills by you in this place as a percentage of kills by you in the entire game.
 C = Kills by friends in this place as a percentage of kills by friends in the entire game.
 D = Other kills in this place as a percentage of other kills in the entire game.
 E = Experience gained in this place as a percentage of experience gained in the entire game.
 F = Experience gained in this place divided by the number of levels of this place that you have seen.
                   A       B       C       D       E      F
               +-------+-------+-------+-------+-------+----------------------
         Total | 100.0 | 100.0 |   N/A |   N/A | 100.0 | 109.0
       Dungeon | 100.0 | 100.0 |   N/A |   N/A | 100.0 | 109.0
               +-------+-------+-------+-------+-------+----------------------

Table legend: (Time is in decaauts)
 A = Elapsed time spent in this place.
 B = Non-inter-level travel time spent in this place.
 C = Inter-level travel time spent in this place.
 D = Time resting spent in this place.
 E = Time spent auto-exploring this place.
 F = Levels seen in this place.
 G = Mean time per level.
                   A        B        C        D        E       F      G
               +--------+--------+--------+--------+--------+-----+--------+
         Total |   3288 |   3200 |     88 |   1407 |   1305 |   4 |  822.0 |
       Dungeon |   3288 |   3200 |     88 |   1407 |   1305 |   4 |  822.0 |
               +--------+--------+--------+--------+--------+-----+--------+

Top non-repeatable levels by time:
     D:3: 1293 daAuts
     D:2: 1039 daAuts
     D:1: 758 daAuts
     D:4: 197 daAuts
